AoeStats
← Koi boy 1999

Yucatan

503290911Analyzed
2v2 RM · 1mo ago on Aug 31, 2026· 27m 3s· 4 players
Game mode
Random Map
Map size
Medium (4 player)
Population
200
Speed
Normal
Resources
Standard
Victory
Conquest
Starting age
Dark Age
Ending age
Imperial Age
RankedLock teamsTeams togetherTeam positionsShared explorationLock speedFull tech treeHidden civsTurbo modeCheats
Victory
Defeat
🇺🇸 Armenians · United States
902
+12
🇺🇸 Bulgarians · United States
901
+12
🇨🇱 Goths · Chile
820
-12
🇺🇸 Byzantines · United States
814
-12
Talerx3764
3:00 Loom
10:58 Feudal Age
12:57 Double-Bit Axe
13:14 Man-at-Arms
17:45 Horse Collar
24:20 Castle Age
Koi boy 1999
11:34 Feudal Age
12:01 Horse Collar
12:07 Double-Bit Axe
19:10 Gold Mining
22:34 Castle Age
21:08 Stone Mining
24:28 Stone Shaft Mining
25:46 Gold Shaft Mining
Mayor Goldie Wilson
0:40 Loom
10:47 Feudal Age
18:21 Scale Mail Armor
21:39 Castle Age
21:00 Forging
22:38 Chain Mail Armor
26:52 Gambesons
OGDaveyDave
10:33 Feudal Age
8:50 Loom
10:36 Feudal Age
13:16 Wheelbarrow
12:27 Double-Bit Axe
12:23 Horse Collar
12:08 Man-at-Arms
12:36 Arson
13:03 Long Swordsman
14:14 Town Watch
15:18 Scale Mail Armor
15:29 Forging
Connection lost

Rejoining the realm…

Still unreachable

The connection could not be restored.

Session expired

The server has moved on; the page needs a fresh start.